 Dungeon Crawl Stone Soup version 0.31.0-9-g3a7656b989 (webtiles) character file.

Game seed: 8614498034367875911

64 qw the Shooter (level 3, -6/20 HPs)
             Began as a Deep Elf Hunter on Feb 2, 2024.
             Mangled by a gnoll
             ... wielding a +0 flail
              (8 damage)
             ... on level 2 of the Dungeon.
             The game lasted 00:00:11 (1229 turns).

qw the Shooter (Deep Elf Hunter)                    Turns: 1229, Time: 00:00:12

Health: -6/20      AC:  5    Str: 10    XL:     3   Next: 91%
Magic:  5/5        EV: 12    Int: 13    God:
Gold:   103        SH:  0    Dex: 18    Spells: 2/2 levels left

rFire   + . .        a - +0 shortbow
rCold   + . .        (shield currently unavailable)
rNeg    . . .        c - +0 leather armour
rPois   .            (no helmet)
rElec   .            g - scarf {rC+ rF+}
rCorr   .            f - +0 pair of gloves
SInv    .            e - +0 pair of boots
Will    .....        (no amulet)
Stlth   ++           (no ring)
HPRegen 0.23/turn    (no ring)
MPRegen 0.09/turn

%: no passive effects
@: no status effects
A: no striking features
a: no special abilities


You were on level 2 of the Dungeon.
You visited 1 branch of the dungeon, and saw 2 of its levels.

You collected 103 gold pieces.


   Skills:
 - Level 1.5 Fighting
 + Level 7.3 Ranged Weapons
 - Level 2.4 Dodging
 - Level 1.2 Stealth


You had 2 spell levels left.
You didn't know any spells.
Your spell library was empty.

Inventory:

Hand Weapons
 a - a +0 shortbow (weapon)
Armour
 c - a +0 leather armour (worn)
 e - a +0 pair of boots (worn)
 f - a +0 pair of gloves (worn)
 g - a scarf of resistance (worn)
 j - a +0 ring mail
Potions
 b - a potion of attraction {unknown}
 d - a potion of haste {unknown}
 h - a potion of might {unknown}
 i - 3 potions of heal wounds {unknown}

Dungeon Overview and Level Annotations

Branches:
Dungeon (2/15)

Altars:

Annotations:
D:2 Sigmund


Message History

1217 ||| RETREEEEATING.
1218 ||| RETREEEEATING.
Enter note:
Enter note:
Enter note:
1219 ||| RETREEEEATING.
Enter note:
Enter note:
Enter note: You shoot an arrow.
The arrow hits the gnoll.
The gnoll is lightly wounded.
Sigmund screams, "I am the angel of ZOT!!!"
1221 ||| RETREEEEATING.
Enter note:
Enter note:
Enter note:
1222 ||| RETREEEEATING.
Enter note:
Enter note:
Enter note:
1223 ||| RETREEEEATING.
You shoot an arrow. The arrow hits the gnoll.
The gnoll is heavily wounded.
You shoot an arrow. The arrow barely misses the gnoll. x2
The gnoll barely misses you.
You shoot an arrow. The arrow hits the gnoll.
You kill the gnoll!
You shoot an arrow. The arrow barely misses the gnoll.
The arrow closely misses Sigmund.
The gnoll hits you with a +0 flail.
You shoot an arrow.
The arrow hits the gnoll but does no damage.
The gnoll is heavily wounded.
The gnoll hits you with a +0 flail!
Sigmund hits you from afar with a +0 scythe.
You shoot an arrow. The arrow hits the gnoll.
The gnoll is almost dead.
The gnoll misses you. Sigmund completely misses you.
The gnoll hits you with a +0 flail!
You die...

@.....##......#
...##..#......# . .
#.........# ##........#
#....... ##.......#
#....... ##...####
#....... ##....###
#.......
#.##...#########
#....... #######
#.....gg@.......
+....... ......#
##.###@#########
#...%...
......###.........
#.......
............##..##
#..}....
......####..###..#
#....... ......####..#
#.. #...)...
.........#<.#######.#.#
###.#...
.........##.#.........#
#.....
###......##.#.........#
######


You could see Sigmund and 2 gnolls.

Vanquished Creatures
  A gnoll (D:2)
  A dart slug (D:1)
  4 ball pythons
  7 endoplasms
  A giant cockroach (D:2)
  5 hobgoblins (D:1)
  6 jackals (D:1)
  6 kobolds
  7 bats
  A frilled lizard (D:1)
  4 goblins
  5 rats
48 creatures vanquished.

Notes
Turn   | Place    | Note
-------+----------+-------------------------------------------
     0 | D:1      | qw the Deep Elf Hunter began the quest for the Orb.
     0 | D:1      | Reached XP level 1. HP: 12/12 MP: 3/3
     0 | D:1      | 0 ||| qw: Version: 0.3-a-155-g5e7d8dd
     0 | D:1      | 0 ||| qw: Game counter: 1893
     0 | D:1      | 0 ||| qw: Melee chars always use a shield: true
     0 | D:1      | 0 ||| qw: God list: Okawaru
     0 | D:1      | 0 ||| qw: Allow faded altars: false
     0 | D:1      | 0 ||| qw: Do Orc after clearing Dungeon:15 true
     0 | D:1      | 0 ||| qw: Do second Lair branch before Depths: true
     0 | D:1      | 0 ||| qw: Lair rune preference: random
     0 | D:1      | 0 ||| qw: Goals: Normal
     0 | D:1      | 0 ||| PLANNING D:1-11
   180 | D:1      | Reached skill level 6 in Ranged Weapons
   180 | D:1      | Reached XP level 2. HP: 16/16 MP: 4/4
   443 | D:1      | 443 ||| RETREEEEATING.
   446 | D:1      | 446 ||| RETREEEEATING.
   447 | D:1      | 447 ||| RETREEEEATING.
   448 | D:1      | 448 ||| RETREEEEATING.
   451 | D:1      | Reached XP level 3. HP: 20/20 MP: 5/5
   573 | D:1      | 573 ||| UPGRADING to +0 pair of boots.
   579 | D:1      | 579 ||| UPGRADING to +0 pair of gloves.
   584 | D:1      | 584 ||| UPGRADING to scarf of resistance.
   718 | D:1      | Reached skill level 7 in Ranged Weapons
   879 | D:1      | 879 ||| READING scroll labelled BOEJOBO MEPIN.
   882 | D:1      | 882 ||| READING scroll labelled IJAAQEEVAN.
   883 | D:1      | 883 ||| DROPPING scroll of butterflies.
  1208 | D:2      | Noticed Sigmund
  1210 | D:2      | 1210 ||| RETREEEEATING.
  1211 | D:2      | 1211 ||| RETREEEEATING.
  1214 | D:2      | 1214 ||| RETREEEEATING.
  1215 | D:2      | 1215 ||| RETREEEEATING.
  1216 | D:2      | 1216 ||| RETREEEEATING.
  1217 | D:2      | 1217 ||| RETREEEEATING.
  1218 | D:2      | 1218 ||| RETREEEEATING.
  1219 | D:2      | 1219 ||| RETREEEEATING.
  1221 | D:2      | 1221 ||| RETREEEEATING.
  1222 | D:2      | 1222 ||| RETREEEEATING.
  1223 | D:2      | 1223 ||| RETREEEEATING.
  1228 | D:2      | HP: 2/20 [Sigmund/+0 scythe (5)]
  1229 | D:2      | Mangled by a gnoll

Levels and vault maps discovered:
D:1:      dpeg_arrival_three_bigger_balls, layout_basic, hex_intersection,
          minmay_misc_feat_enclosed, nicolae_concentric_dashed_squares_wild,
          minmay_misc_feat_pillars
D:2:      layout_basic, dreamdust_wishing_well, uniq_sigmund

Skill      XL: |  1  2  3 |
---------------+----------+-----
Ranged Weapons | 6 7 |  7.3
Fighting       | |  1.5
Dodging        | |  2.4
Stealth        | |  1.2

Action                     || total
---------------------------++-------
   Fire: Shortbow          ||   127
    Use: Scroll            ||     2
 Armour: Leather armour    ||    44
  Dodge: Dodged            ||    44

Table legend:
 A = Non-vault XP
 B = Vault XP
 C = Vault XP percentage of total XP
 D = Non-vault monster count
 E = Vault monster count
 F = Vault count percentage of total count
                 A         B        C        D         E       F
            +---------+---------+-------+---------+---------+-------
      Total |      92 |       0 |   0.0 |      48 |       0 |   0.0
            +---------+---------+-------+---------+---------+-------
        D:1 |      64 |       0 |   0.0 |      37 |       0 |   0.0
        D:2 |      28 |       0 |   0.0 |      11 |       0 |   0.0
            +---------+---------+-------+---------+---------+-------
